 Dungeon Crawl Stone Soup version 0.30.0-29-ga12c61a403 (webtiles) character file.

Game seed: 9780855722295314422

11 Graphine the Ducker (level 2, -1/24 HPs)
             Began as a Merfolk Monk on June 16, 2023.
             Slain by a gnoll
             ... wielding a +0 club
              (9 damage)
             ... on level 1 of the Dungeon.
             The game lasted 00:00:32 (420 turns).

Graphine the Ducker (Merfolk Monk)                   Turns: 420, Time: 00:00:33

Health: -1/24      AC:  2    Str: 11    XL:     2   Next: 29%
Magic:  2/2        EV: 14    Int:  9    God:
Gold:   63         SH:  0    Dex: 16    Spells: 1/1 levels left

rFire   . . .        a - +0 falchion
rCold   . . .        d - orb {light}
rNeg    . . .        b - +0 robe
rPois   .            (no helmet)
rElec   .            (no cloak)
rCorr   .            (no gloves)
SInv    .            (no boots)
Will    .....        (no amulet)
Stlth   +            (no ring)
HPRegen 0.24/turn    (no ring)
MPRegen 0.08/turn

%: no passive effects
@: glowing
A: (nimble swimmer 2), mertail
a: no special abilities


You were on level 1 of the Dungeon.
You visited 1 branch of the dungeon, and saw 1 of its levels.

You collected 63 gold pieces.

Inventory:

Hand Weapons
 a - a +0 falchion (weapon)
Armour
 b - a +0 robe (worn)
 d - an orb of light (worn)
Scrolls
 f - a scroll of teleportation {unknown}
Potions
 c - a potion of ambrosia
 e - 2 potions of resistance {unknown}


   Skills:
 + Level 3.5 Fighting
 + Level 4.0 Long Blades
 + Level 4.3 Dodging


You had one spell level left.
You didn't know any spells.
Your spell library contained the following spells:

 Spells                   Type           Power      Damage    Failure   Level
 Blink                    Tloc           0%         N/A       52%         2
 Lesser Beckoning         Tloc           0%         N/A       52%         2
 Momentum Strike          Conj/Tloc      0%         3d8       52%         2
 Malign Gateway           Summ/Tloc      0%         N/A       100%        7
 Summon Horrible Things   Summ           0%         N/A       100%        8


Dungeon Overview and Level Annotations

Branches:
Dungeon (1/15)

Altars:


Innate Abilities, Weirdness & Mutations

((You are very nimble when in or above water. (Stealth+, EV+, Speed+++)))
Your lower body shifts to a powerful aquatic tail in water.


Message History

You hit the hobgoblin.
The hobgoblin is heavily wounded.
The hobgoblin misses you. The hobgoblin barely misses you.
You hit the hobgoblin.
The hobgoblin is severely wounded.
The hobgoblin hits you.
You hit the hobgoblin.
The hobgoblin is almost dead.
The hobgoblin misses you.
You hit the hobgoblin.
You kill the hobgoblin!
Your Long Blades skill increases to level 4!
No target in view!
You see here 4 stones.
You now have 63 gold pieces (gained 11).
You see here 4 stones.
You see here a +0 dagger.
Found a stone staircase leading down.
You see here a +0 ring mail.
There is an open door here.
There is an escape hatch in the floor here.
You open the door.
There is an open door here.
A gnoll comes into view. It is wielding a +0 club.
The gnoll shouts!
A giant cockroach and an endoplasm come into view.
The endoplasm quivers.
The gnoll hits you with a +0 club!
You see here 9 gold pieces.
You hit the gnoll but do no damage. The gnoll hits you with a +0 club!
You are too injured to fight recklessly!
You are too injured to fight recklessly!
You slash the gnoll!
The gnoll is severely wounded.
The gnoll closely misses you.
You completely miss the gnoll.
The gnoll is severely wounded.
The giant cockroach bites you but does no damage.
The gnoll hits you with a +0 club!
You die...

#######
###########..##...##.
#####........>..
#.........)....#
#...##..........
#####............###
#.............##..#.
#...#.........###...
#..#.................
... #@#....>....#.....
.#.JBg.......###......
#......................
.........####...........
.........# #...........
.........# #...........
......#### #...........
...... #........###
##########


You could see a gnoll, an endoplasm and a giant cockroach.

Vanquished Creatures
  A goblin (D:1)
  A hobgoblin (D:1)
  4 jackals (D:1)
  A quokka (D:1)
  A bat (D:1)
  A frilled lizard (D:1)
  A kobold (D:1)
10 creatures vanquished.

Notes
Turn   | Place    | Note
-------+----------+-------------------------------------------
     0 | D:1      | Graphine the Merfolk Monk began the quest for the Orb.
     0 | D:1      | Reached XP level 1. HP: 18/18 MP: 1/1
    11 | D:1      | Noticed a tengu
    13 | D:1      | Noticed a demigod
   142 | D:1      | Reached XP level 2. HP: 13/24 MP: 2/2
   420 | D:1      | Slain by a gnoll

Illustrated notes

Levels and vault maps discovered:
D:1:      shiori_arrival_whats_in_store_for_you, layout_rooms

Skill      XL: |  1  2 |
---------------+-------+-----
Long Blades    | 4 |  4.0
Fighting       | |  3.5
Dodging        | |  4.3

Action                     || total
---------------------------++-------
  Melee: Falchion          ||    32
 Armour: Robe              ||    13
  Dodge: Dodged            ||    41
